 Dungeon Crawl Stone Soup version 0.31-a0-876-gfe8ebadbca (webtiles) character file.

Game seed: 4754742596607042385

61484 vaaraton the Gelid (level 15, -10/98 HPs)
             Began as a Merfolk Ice Elementalist on Oct 14, 2023.
             Was a High Priest of Vehumet.
             Mangled by Saint Roka
             ... wielding a +0 great mace
              (11 damage)
             ... on level 2 of the Orcish Mines.
             The game lasted 02:00:31 (34078 turns).

vaaraton the Gelid (Merfolk Ice Elementalist)      Turns: 34078, Time: 02:00:32

Health: -10/98     AC: 18    Str: 10    XL:     15   Next: 3%
Magic:  7/34       EV: 22    Int: 21    God:    Vehumet [*****.]
Gold:   1711       SH:  0    Dex: 14    Spells: 18/44 levels left

rFire   . . .        G - +5 dagger (holy)
rCold   . . .        (no shield)
rNeg    . . .        R - +0 acid dragon scales
rPois   .            Y - +1 hat
rElec   .            x - +0 cloak
rCorr   +            w - +0 pair of gloves
SInv    +            f - +0 pair of boots
Will    +....        (no amulet)
Stlth   +++          k - +5 ring of evasion
HPRegen 0.36/turn    y - ring of see invisible
MPRegen 0.24/turn

%: no passive effects
@: ice-armoured
A: (nimble swimmer 2), mertail
a: Renounce Religion


You were on level 2 of the Orcish Mines.
You worshipped Vehumet.
Vehumet was extremely pleased with you.
You visited 4 branches of the dungeon, and saw 19 of its levels.

You collected 1711 gold pieces.

Inventory:

Hand Weapons
 G - a +5 dagger of holy wrath (weapon)
 X - a +4 scimitar of flaming
Missiles
 q - 12 atropa-tipped darts (quivered)
 H - 4 throwing nets
 T - 6 curare-tipped darts
Armour
 f - a +0 pair of boots (worn)
 j - a +0 robe of resistance
 r - a +1 robe of willpower
 w - a +0 pair of gloves (worn)
 x - a +0 cloak (worn)
 R - +0 acid dragon scales (worn)
 Y - a +1 hat (worn)
Magical Staves
 u - a staff of death
 K - a staff of earth
 M - a staff of air
 N - a staff of death
Jewellery
 a - a +5 ring of evasion
 c - a ring of fire
 g - a ring of fire
 h - a +4 ring of slaying
 k - a +5 ring of evasion (left hand)
 n - a ring of poison resistance
 y - a ring of see invisible (right hand)
 E - a ring of poison resistance
 V - a ring of protection from cold
Wands
 p - a wand of charming (31)
 t - a wand of acid (6)
 v - a wand of polymorph (5)
 C - a wand of flame (69)
 O - a wand of mindburst (19)
Scrolls
 d - 2 scrolls of brand weapon {unknown}
 s - 7 scrolls of poison
 D - 3 scrolls of enchant weapon
 S - a scroll of blinking
 W - a scroll of teleportation
 Z - a scroll of acquirement {unknown}
Potions
 b - a potion of magic
 e - a potion of lignification
 l - 3 potions of curing
 m - a potion of berserk rage
 o - 2 potions of haste
 A - 2 potions of brilliance
 B - 2 potions of enlightenment
 F - a potion of mutation
 I - a potion of degeneration {unknown}
 J - a potion of invisibility {unknown}
 L - a potion of might
 P - a potion of ambrosia {unknown}
 U - 4 potions of heal wounds


   Skills:
 - Level 3.0 Fighting
 - Level 0.5 Armour
 - Level 13.4 Dodging
 - Level 7.9 Stealth
 + Level 15.2 Spellcasting
 - Level 5.4 Conjurations
 - Level 2.2 Summonings
 + Level 15.6 Ice Magic
 * Level 4.0 Air Magic


You had 18 spell levels left.
You knew the following spells:

 Your Spells              Type           Power      Damage    Failure   Level
a - Freeze                Ice            100%       1d10      0%          1
b - Frozen Ramparts       Ice            100%       1d16      1%          3
c - Ozocubu's Armour      Ice            69%        N/A       1%          3
d - Foxfire               Conj/Fire      100%       2x1d9     1%          1
e - Summon Ice Beast      Ice/Summ       52%        N/A       1%          4
f - Hailstorm             Conj/Ice       57%        3d12      1%          3
g - Airstrike             Air            16%        2d(3-19)  3%          4
h - Ozocubu's Refrigerat  Ice            34%        4d15      2%          7

Your spell library contained the following spells:

 Spells                   Type           Power      Damage    Failure   Level
 Freezing Cloud           Conj/Ice/Air   25%        6-21      1%          5
 Ensorcelled Hibernation  Hex/Ice        96%        N/A       1%          2
 Dazzling Flash           Conj/Hex       54%        N/A       1%          3
 Summon Small Mammal      Summ           100%       N/A       2%          1
 Swiftness                Air            33%        N/A       3%          3
 Inner Flame              Hex/Fire       15%        N/A       5%          3
 Volatile Blastmotes      Fire/Tloc      30%        2d12      5%          3
 Flame Wave               Conj/Fire      27%        2d9       5%          4
 Iskenderun's Mystic Bla  Conj/Tloc      27%        2d7       5%          4
 Sticky Flame             Conj/Fire      27%        2d5       5%          4
 Necrotise                Necr           60%        1d7       6%          1
 Slow                     Hex            60%        N/A       6%          1
 Call Canine Familiar     Summ           25%        N/A       7%          3
 Passwall                 Tmut/Erth      12%        N/A       10%         2
 Sublimation of Blood     Necr           15%        N/A       10%         2
 Summon Guardian Golem    Hex/Summ       20%        N/A       12%         3
 Irradiate                Conj/Tmut      13%        3d16      16%         5
 Confusing Touch          Hex            15%        N/A       19%         3
 Sigil of Binding         Hex            15%        N/A       19%         3
 Tukima's Dance           Hex            15%        N/A       19%         3
 Vampiric Draining        Necr           15%        2d7       19%         3
 Anguish                  Hex/Necr       7%         N/A       52%         4
 Cause Fear               Hex            7%         N/A       52%         4
 Dimensional Bullseye     Hex/Tloc       7%         N/A       52%         4
 Petrify                  Tmut/Erth      15%        N/A       52%         4
 Starburst                Conj/Fire      13%        6d6       58%         6
 Agony                    Necr           15%        N/A       86%         5
 Enfeeble                 Hex            7%         N/A       100%        7
 Maxwell's Capacitive Co  Air            16%        ∞         100%        8


Dungeon Overview and Level Annotations

Branches:
Dungeon (12/15)            Temple (1/1) D:4            Lair (4/5) D:8
 Shoals (0/4) Lair:3        Snake (0/4) Lair:2          Orc (2/2) D:12
  Slime: Lair:4-5       Elf: Orc:2

Altars:
Ashenzari
Cheibriados
Dithmenos
Elyvilon
Fedhas
Gozag
Hepliaklqana
Kikubaaqudgha
Makhleb
Nemelex Xobeh
Okawaru
Qazlal
Ru
Sif Muna
Trog
Uskayaw
Vehumet
Wu Jian
Xom
Yredelemnul
Zin
The Shining One

Shops:
D:1 !   D:3 =   D:4 (   D:8 *   D:9 !

Annotations:
D:2 Sigmund
D:12 Kirke
Orc:2 Saint Roka


Innate Abilities, Weirdness & Mutations

((You are very nimble when in or above water. (Stealth+, EV+, Speed+++)))
Your lower body shifts to a powerful aquatic tail in water.


Message History

Your ice beast hits Saint Roka but does no damage.
Casting: Freeze (safe; 0% risk of failure)
Confirm with . or Enter, or press ? or * to list all spells.
Aiming: Freeze (safe; 0% risk of failure)
Press: ? - help, Shift-Dir - straight line, f/p - Saint Roka
Aim: Saint Roka, wielding a +0 great mace and wearing a +1 plate armour of willpower (lightly wounded, ally target)
You freeze Saint Roka.
Saint Roka is lightly wounded.
Saint Roka misses you.
Your ice beast hits Saint Roka.
Your ice beast freezes Saint Roka!!
Casting: Freeze (safe; 0% risk of failure)
Confirm with . or Enter, or press ? or * to list all spells.
Aiming: Freeze (safe; 0% risk of failure)
Press: ? - help, Shift-Dir - straight line, f/p - Saint Roka
Aim: Saint Roka, wielding a +0 great mace and wearing a +1 plate armour of willpower (moderately wounded, ally target)
You freeze Saint Roka.
Saint Roka is moderately wounded.
Saint Roka hits you but does no damage.
Your ice beast hits Saint Roka but does no damage.
Casting: Freeze (safe; 0% risk of failure)
Confirm with . or Enter, or press ? or * to list all spells.
Aiming: Freeze (safe; 0% risk of failure)
Press: ? - help, Shift-Dir - straight line, f/p - Saint Roka
Aim: Saint Roka, wielding a +0 great mace and wearing a +1 plate armour of willpower (moderately wounded, ally target)
You freeze Saint Roka.
Saint Roka is moderately wounded.
Saint Roka mumbles some strange prayers to Beogh against you.
Beogh smites you!
* * * LOW HITPOINT WARNING * * *
Your ice beast hits Saint Roka.
Your ice beast freezes Saint Roka!
Casting: Freeze (safe; 0% risk of failure)
Confirm with . or Enter, or press ? or * to list all spells.
Aiming: Freeze (safe; 0% risk of failure)
Press: ? - help, Shift-Dir - straight line, f/p - Saint Roka
Aim: Saint Roka, wielding a +0 great mace and wearing a +1 plate armour of willpower (heavily wounded, ally target)
You freeze Saint Roka.
Saint Roka is heavily wounded.
Saint Roka hits you with a +0 great mace!
You die...
Saint Roka roars, "Praise to Beogh!"

.).))[.##..............###.....[)
.....###.................###...[.
....###...................###..)[
..####.......)#[..#........##...)
#####........##.[.##..........##.
#.#.......####.).).####..........
..........###..Y[)..###.......##.
.........###..[.o)[..#.........#.
#........# #.).[@)...#..........#
........## #......)..###.........
.........# ##..)....###..........
.....#..## #...)..## #.#........
.....#### ##....## ##..........
#.....# ##..## ##...#.......
##...## #...####..##........
##### ###..##....##......#..
##..#........#......###


You could see Saint Roka (ally target) and a friendly ice beast (summoned).

Vanquished Creatures
  Rupert (Lair:3)
  Gastronok (Lair:3)
  Snorg (D:12)
  Erolcha (D:12)
  A catoblepas (Lair:2)
  A hydra (Lair:3)
  3 boulder beetles
  5 death yaks (Lair:4)
  4 two-headed ogres
  The ghost of Vontreibholz the Basher, a novice MiFi of Okawaru (D:6)
  Lodul (D:12)
  Pikel (D:7)
  A lindwurm (Lair:2)
  An ugly thing (D:12)
  3 orc sorcerers
  A cyclops (D:11)
  9 elephants
  7 black mambas
  2 gargoyles
  9 cane toads
  2 torpor snails
  A rime drake (Lair:2)
  An efreet (D:12)
  A komodo dragon (Lair:1)
  A kobold demonologist (D:11)
  A polar bear (Lair:4)
  4 trolls
  A hornet (D:9)
  7 dream sheep (Lair:1)
  8 blink frogs
  A snapping turtle (Lair:3)
  5 shadows
  3 vampires
  26 yaks
  2 basilisks
  4 wyverns (D:8)
  3 wraiths (D:10)
  3 steam dragons
  3 vampire mosquitoes
  A naga (Lair:2)
  4 wargs
  Menkaure (D:4)
  An acid dragon (D:11)
  Duvessa (D:7)
  11 water moccasins
  13 orc warriors
  2 ice beasts (D:7)
  3 sky beasts
  2 black bears
  8 wolves
  3 phantoms
  5 centaurs
  9 ogres
  7 bullfrogs
  5 kobold brigands
  2 gnoll sergeants (D:9)
  6 scorpions
  Dowan (D:7)
  11 killer bees
  4 howler monkeys
  A nameless horror (Orc:1)
  An electric eel (D:8)
  3 centaur zombies (D:10)
  4 hounds
  14 orc priests
  3 gnoll boudas
  Terence (D:2)
  2 iguanas
  17 orc wizards
  5 hell rats (Lair:3)
  20 gnolls
  9 adders
  A shadow imp (D:7)
  An ufetubus (D:5)
  A worm (D:4)
  2 dart slugs
  85 orcs
  8 endoplasms
  2 giant cockroaches
  3 goblins
  7 hobgoblins
  3 quokkas
  6 ball pythons
  5 bats
  A frilled lizard (D:1)
  27 kobolds
  7 rats
470 creatures vanquished.

Vanquished Creatures (collateral kills)
  A hydra (Lair:4)
  Harold (D:9)
  A catoblepas (Lair:2)
  2 two-headed ogres
  A death yak (Lair:4)
  An ugly thing (D:12)
  An orc knight (Orc:1)
  A cyclops (D:12)
  4 elephants
  2 black mambas
  A cane toad (D:8)
  4 komodo dragons
  3 rime drakes
  An unseen horror zombie (D:10)
  A troll (Orc:1)
  A polar bear (Lair:3)
  2 dream sheep (Lair:1)
  2 shadows (D:10)
  2 wyverns
  A hog (D:12)
  A wraith (D:10)
  7 yaks
  2 basilisks
  2 vampire mosquitoes
  2 steam dragons
  An acid dragon (D:12)
  3 nagas (Lair:2)
  2 water moccasins
  2 orc warriors (Orc:2)
  A swamp drake (D:8)
  4 ogres
  A wolf (Lair:1)
  A centaur (D:9)
  2 bullfrogs
  3 killer bees (D:9)
  A centaur zombie (D:10)
  3 orc priests
  3 orc wizards
  A howler monkey zombie (D:10)
  5 gnolls (D:9)
  A shadow imp (D:6)
  22 orcs
  2 kobolds (D:11)
105 creatures vanquished.

Vanquished Creatures (others)
  2 gnolls (D:9)
  A kobold (D:8)
  20 foxfires
23 creatures vanquished.

Grand Total: 598 creatures vanquished

Notes
Turn   | Place    | Note
-------+----------+-------------------------------------------
     0 | D:1      | vaaraton the Merfolk Ice Elementalist began the quest for
                  | the Orb.
     0 | D:1      | Reached XP level 1. HP: 13/13 MP: 3/3
   395 | D:1      | Reached XP level 2. HP: 19/19 MP: 1/5
   580 | D:1      | Found Lorati's Distillery.
   756 | D:1      | Reached XP level 3. HP: 21/24 MP: 0/6
  1050 | D:2      | Found an ancient bone altar of Kikubaaqudgha.
  1111 | D:2      | Reached skill level 5 in Ice Magic
  1496 | D:2      | Noticed Sigmund
  1533 | D:2      | Noticed Terence
  1557 | D:2      | Killed Terence
  1558 | D:2      | Reached XP level 4. HP: 18/30 MP: 0/8
  2053 | D:3      | Learned a level 3 spell: Frozen Ramparts
  2057 | D:3      | Learned a level 3 spell: Ozocubu's Armour
  2070 | D:3      | Found a faded altar of an unknown god.
  2601 | D:3      | Reached XP level 5. HP: 18/36 MP: 1/10
  2834 | D:3      | Found Qotogram's Jewellery Emporium.
  3195 | D:4      | Found a broken altar of Ashenzari.
  3205 | D:4      | Found a transporter.
  3211 | D:4      | Found a transporter.
  3223 | D:4      | Found a basalt altar of Yredelemnul.
  3227 | D:4      | Noticed Menkaure
  3232 | D:4      | Noticed a phantom
  3233 | D:4      | Found an ancient bone altar of Kikubaaqudgha.
  3335 | D:4      | Reached skill level 1 in Fighting
  3358 | D:4      | Reached XP level 6. HP: 30/43 MP: 2/11
  3427 | D:4      | Found Huqy's Antique Weapon Shop.
  3879 | D:4      | Found a staircase to the Ecumenical Temple.
  3977 | D:5      | Entered Level 5 of the Dungeon
  4159 | D:5      | Reached XP level 7. HP: 50/50 MP: 6/13
  4177 | Temple   | Entered the Ecumenical Temple
  4227 | Temple   | Became a worshipper of Vehumet
  5001 | D:6      | Reached skill level 5 in Spellcasting
  5122 | D:6      | Reached XP level 8. HP: 45/58 MP: 8/15
  5124 | D:6      | Reached skill level 5 in Dodging
  5483 | D:6      | Found a stormy altar of Qazlal.
  5614 | D:6      | Reached * piety under Vehumet
  5614 | D:6      | Offered knowledge of Magic Dart by Vehumet.
  6215 | D:6      | Found a runed translucent gate.
  6215 | D:6      | Found a runed translucent gate.
  6215 | D:6      | Found a runed translucent gate.
  6227 | D:6      | Found an opulent altar of Gozag.
  6228 | D:6      | Noticed a gargoyle
  6228 | D:6      | Noticed Vontreibholz's ghost (novice MiFi)
  6841 | D:7      | Noticed Pikel
  6911 | D:7      | Reached XP level 9. HP: 57/63 MP: 11/18
  6930 | D:7      | Killed Pikel
  6931 | D:7      | Reached skill level 5 in Stealth
  8050 | D:7      | Noticed Duvessa
  8050 | D:7      | Noticed Dowan
  8082 | D:7      | Killed Dowan
  8137 | D:7      | Killed Duvessa
  8467 | D:8      | Reached XP level 10. HP: 70/70 MP: 14/21
  8669 | D:8      | Reached skill level 10 in Ice Magic
  8751 | D:8      | Offered knowledge of Foxfire by Vehumet.
  8752 | D:8      | Reached skill level 1 in Summonings
  8759 | D:8      | Reached ** piety under Vehumet
  8793 | D:8      | Learned a level 1 spell: Foxfire
  9163 | D:8      | Offered knowledge of Static Discharge by Vehumet.
  9281 | D:8      | Learned a level 4 spell: Summon Ice Beast
  9651 | D:8      | Found Kucwu's Demolitions Depot.
  9932 | D:8      | Reached *** piety under Vehumet
 10260 | D:8      | Found a staircase to the Lair.
 10607 | D:9      | Offered knowledge of Hailstorm by Vehumet.
 10616 | D:9      | Learned a level 3 spell: Hailstorm
 10646 | D:9      | Noticed a two-headed ogre
 10964 | D:9      | Reached XP level 11. HP: 63/75 MP: 12/24
 11069 | D:9      | Found Tok Saoc's Distillery.
 11230 | D:9      | Noticed Harold
 11670 | D:9      | Killed Harold
 11730 | D:9      | Killed a two-headed ogre
 11879 | D:9      | Reached **** piety under Vehumet
 12232 | D:9      | Found a blossoming altar of Fedhas.
 12558 | D:9      | Noticed a two-headed ogre
 13014 | D:9      | Reached skill level 10 in Spellcasting
 13066 | D:9      | Offered knowledge of Iskenderun's Battlesphere by Vehumet.
 13291 | D:9      | Killed a two-headed ogre
 13430 | D:10     | Entered Level 10 of the Dungeon
 13430 | D:10     | Found a glowing silver altar of Zin.
 13802 | Lair:1   | Entered Level 1 of the Lair of Beasts
 13967 | Lair:1   | Reached skill level 1 in Conjurations
 14467 | Lair:1   | Reached skill level 10 in Dodging
 14577 | Lair:1   | Reached XP level 12. HP: 62/81 MP: 15/27
 16151 | Lair:2   | Reached ***** piety under Vehumet
 16153 | Lair:2   | Offered knowledge of Orb of Destruction by Vehumet.
 16895 | Lair:2   | Found a staircase to the Snake Pit.
 16908 | Lair:2   | Reached XP level 13. HP: 86/86 MP: 20/29
 17521 | Lair:2   | Found a runed translucent door.
 21770 | D:10     | Reached skill level 5 in Conjurations
 24391 | D:12     | Found a staircase to the Orcish Mines.
 24512 | Orc:1    | Entered Level 1 of the Orcish Mines
 24739 | Orc:1    | Found a dark tunnel.
 25044 | Orc:2    | Entered Level 2 of the Orcish Mines
 25056 | Orc:2    | Noticed Saint Roka
 25108 | Orc:2    | Offered knowledge of Airstrike by Vehumet.
 25122 | Orc:1    | Learned a level 4 spell: Airstrike
 25672 | Orc:2    | Reached XP level 14. HP: 65/93 MP: 20/31
 25791 | Orc:2    | Reached skill level 1 in Air Magic
 28169 | D:12     | Noticed Erolcha
 28177 | D:12     | Killed Erolcha
 28265 | D:12     | Noticed Snorg
 28292 | D:12     | Killed Snorg
 28728 | D:12     | Noticed Lodul
 29139 | D:12     | Killed Lodul
 29212 | D:12     | Noticed Kirke
 29578 | Lair:3   | Noticed Rupert
 29872 | Lair:3   | HP: 4/93 [basilisk (7)]
 30258 | Lair:3   | Noticed Gastronok
 30300 | Lair:3   | Killed Gastronok
 30874 | Lair:3   | Learned a level 7 spell: Ozocubu's Refrigeration
 31132 | Lair:3   | Killed Rupert
 31133 | Lair:3   | Reached skill level 15 in Ice Magic
 31304 | Lair:3   | Found a staircase to the Shoals.
 31564 | Lair:4   | Offered knowledge of Freezing Cloud by Vehumet.
 32879 | Lair:4   | Reached skill level 15 in Spellcasting
 33456 | D:6      | Reached XP level 15. HP: 98/98 MP: 5/34
 33469 | D:6      | Killed Vontreibholz's ghost
 33615 | D:4      | Killed Menkaure
 34077 | Orc:2    | HP: 1/98 [Saint Roka/divine providence (15)]
 34078 | Orc:2    | Mangled by Saint Roka

Illustrated notes

Levels and vault maps discovered:
D:1:      minmay_arrival_radiant_lines, layout_basic, serial_shops,
          nicolae_shop_statue_plus
D:2:      layout_basic, basic_altar, hangedman_abyss_or_decor_stabs,
          minmay_parallelograms, uniq_sigmund, uniq_terence
D:3:      layout_basic, hellmonk_ecumenical_altar_pennies_from_heaven,
          serial_shops, shop, corexii_leaking_fountain
D:4:      layout_cave_pools, cheibrodos_ashenzari_chains,
          gammafunk_temple_of_torment, minmay_temple_entry_from_below_a,
          serial_shops, nicolae_shop_trees
D:5:      layout_cave_pools
D:6:      layout_layer_cave, grunt_qazlal_sundering, ebering_ghost_gozag
D:7:      layout_gridville, uniq_duvessa, uniq_pikel
D:8:      layout_rooms, erik_lair_dragon, special_room [special_room_orc],
          nicolae_blasting_shop, serial_bayou_ford_a
D:9:      minmay_bubble_buster, layout_basic,
          mainiacjoe_overflow_surrounded_room, serial_shops,
          nicolae_shop_real_fake_doors, uniq_harold
D:10:     layout_irregular_city, mainiacjoe_overflow_small_starburst,
          serial_undead, serial_undead_d, serial_undead_d, serial_undead_a,
          serial_undead_f
D:11:     layout_basic
D:12:     layout_gridville, hiddenorc2_lemuel, uniq_kirke, uniq_erolcha,
          uniq_lodul, uniq_snorg
Temple:   kb_temple_of_zot
Lair:1:   layout_chaotic_city
Lair:2:   gammafunk_lair_enchanted_lake, layout_long_grid,
          minmay_snake_entry_guardpost_small, infiniplex_staircase_pool_2,
          grunt_megastairs_3, serial_bayou_shore_a
Lair:3:   layout_hall_layers, minmay_shoals_entry_hut, lemuel_fruit_fields,
          uniq_rupert, uniq_gastronok
Lair:4:   layout_gridlike, serial_forest, infiniplex_forest_lined_corner,
          infiniplex_forest_lined_2, infiniplex_forest_clump_small,
          infiniplex_forest_corner_1, infiniplex_forest_straight_2,
          infiniplex_forest_straight_1, kennysheep_catoblepas_arena
Orc:1:    layout_caves, gammafunk_ghost_fury_of_okawaru,
          nicolae_volcano_entry_lava_flow
Orc:2:    pubby_orc_utopia, uniq_saint_roka

Skill      XL: |  1  2  3  4  5  6  7  8  9 10 11 12 13 14 |
---------------+-------------------------------------------+-----
Ice Magic      | 5 6 7 8 9 11 12 14 15 | 15.6
Spellcasting   | 3 4 5 6 7 9 11 12 13 15 | 15.2
Dodging        | 3 4 6 7 8 10 11 12 13 | 13.4
Fighting       | 1 2 3 |  3.0
Stealth        | 4 6 7 |  7.9
Summonings     | 2 |  2.2
Conjurations   | 2 4 5 |  5.4
Air Magic      | 4 |  4.0
Armour         | |  0.5

Action                     |  1- 3 |  4- 6 |  7- 9 | 10-12 | 13-15 || total
---------------------------+-------+-------+-------+-------+-------++-------
  Melee: Unarmed           |     7 |       |       |       |    10 ||    17
         Short sword       |    17 |    64 |   273 |   116 |   329 ||   799
         Punch             |       |     1 |     5 |     1 |     9 ||    16
         Tailslap          |       |       |       |       |     7 ||     7
         Dagger            |       |       |       |       |    54 ||    54
  Throw: Dart              |     2 |       |     7 |     3 |     3 ||    15
   Cast: Freeze            |    59 |    27 |    16 |    64 |   286 ||   452
         Frozen Ramparts   |       |    15 |    39 |    59 |    62 ||   175
         Ozocubu's Armour  |       |     8 |    33 |    47 |    59 ||   147
         Summon Ice Beast  |       |       |       |    95 |   135 ||   230
         Hailstorm         |       |       |       |    29 |    54 ||    83
         Foxfire           |       |       |       |       |    12 ||    12
         Ozocubu's Refrige |       |       |       |       |    44 ||    44
         Airstrike         |       |       |       |       |     9 ||     9
  Evoke: Wand              |       |       |       |       |     2 ||     2
    Use: Scroll            |       |       |    13 |     6 |    11 ||    30
         Potion            |       |       |       |     4 |     6 ||    10
   Stab: Sleeping          |     3 |     4 |     2 |     1 |     4 ||    14
         Distracted        |       |       |       |       |     8 ||     8
 Armour: Robe              |    24 |    20 |   103 |   138 |   191 ||   476
         Acid dragon scale |       |       |       |       |   206 ||   206
         Skin              |       |       |       |       |     8 ||     8
  Dodge: Dodged            |    51 |    44 |   198 |   301 |   762 ||  1356

Table legend: (Time is in decaauts)
 A = Elapsed time spent in this place.
 B = Non-inter-level travel time spent in this place.
 C = Inter-level travel time spent in this place.
 D = Time resting spent in this place.
 E = Time spent auto-exploring this place.
 F = Levels seen in this place.
 G = Mean time per level.
                   A        B        C        D        E       F      G
               +--------+--------+--------+--------+--------+-----+--------+
         Total |  33710 |  30671 |   3039 |  12957 |  10099 |  19 | 1774.2 |
       Dungeon |  21132 |  19435 |   1697 |   7451 |   6969 |  12 | 1761.0 |
        Temple |     70 |      2 |     68 |      0 |      0 |   1 |   70.0 |
          Lair |   9192 |   8259 |    933 |   3524 |   2904 |   4 | 2298.0 |
  Orcish Mines |   3314 |   2974 |    340 |   1982 |    226 |   2 | 1657.0 |
               +--------+--------+--------+--------+--------+-----+--------+

Top non-repeatable levels by time:
     D:9: 3836 daAuts
  Lair:2: 2861 daAuts
  Lair:1: 2724 daAuts
     D:8: 2696 daAuts
  Lair:3: 2116 daAuts
    D:10: 2031 daAuts
    D:12: 1946 daAuts
    D:11: 1922 daAuts
     D:6: 1789 daAuts
   Orc:1: 1728 daAuts
     D:7: 1662 daAuts
   Orc:2: 1586 daAuts
  Lair:4: 1489 daAuts
     D:3: 1120 daAuts
     D:5: 1099 daAuts
